 Dungeon Crawl Stone Soup version 0.28.0-43-g3370ac3207 (webtiles) character file.

Game seed: 4403220835797066568

43 MisterFreud the Chopper (level 3, -3/33 HPs)
             Began as a Hill Orc Abyssal Knight on Mar 3, 2022.
             Was a Follower of Lugonu.
             Killed from afar by Sigmund (8 damage)
             ... with a puff of flame
             ... on level 2 of the Dungeon.
             The game lasted 00:01:49 (1461 turns).

MisterFreud the Chopper (Hill Orc Abyssal Knight)   Turns: 1461, Time: 00:01:50

Health: -3/33      AC:  4    Str: 17    XL:     3   Next: 58%
Magic:  4/4        EV: 11    Int: 10    God:    Lugonu [*.....]
Gold:   46         SH:  0    Dex: 11    Spells: 2/2 levels left

rFire   . . .      SeeInvis .   a - +1 hand axe
rCold   . . .      Faith    .   (no shield)
rNeg    . . .      Spirit   .   b - +0 leather armour
rPois   .          Reflect  .   (no helmet)
rElec   .          Harm     .   (no cloak)
rCorr   .          Rampage  .   h - +0 pair of gloves
Will    .....                   (no boots)
Stlth   +.........              (no amulet)
HPRegen 0.11/turn               (no ring)
MPRegen 0.09/turn               (no ring)

@: flying
A: no striking features
a: Renounce Religion, Depart the Abyss


You were on level 2 of the Dungeon.
You worshipped Lugonu.
Lugonu was aware of your devotion.
You visited 1 branch of the dungeon, and saw 2 of its levels.
You visited the Abyss 1 time.

You collected 46 gold pieces.

Inventory:

Hand Weapons
 a - a +1 hand axe (weapon)
Armour
 b - a +0 leather armour (worn)
 h - a +0 pair of gloves (worn)
Scrolls
 e - a scroll of magic mapping
 g - a scroll of fog {unknown}


   Skills:
 - Level 3.7 Fighting
 + Level 4.7 Axes
 - Level 2.3 Armour
 - Level 0.9 Dodging
 - Level 2.6 Invocations


You had 2 spell levels left.
You didn't know any spells.
Your spell library was empty.

Dungeon Overview and Level Annotations

Branches:
Dungeon (2/15)

Altars:

Shops:
D:1 *

Annotations:
D:2 Sigmund


Message History

Sigmund moves out of view.
Sigmund is nearby!
Sigmund hits you with a +0 scythe!
Okay, then.
Unknown command.
You barely miss Sigmund. Sigmund barely misses you.
You barely miss Sigmund. You hit Sigmund.
Sigmund is lightly wounded.
Sigmund points at you and mumbles some strange words.
You resist with significant effort.
You closely miss Sigmund.
Sigmund is lightly wounded.
Sigmund hits you with a +0 scythe!
You slash Sigmund!
Sigmund is moderately wounded.
Sigmund hits you with a +0 scythe.
* * * LOW HITPOINT WARNING * * *
It was a potion of flight.
You feel very buoyant.
You fly up into the air.
Sigmund closely misses you.
You aren't carrying any items that you can evoke.
Unknown command.
Unknown command.
As you read the scroll labelled KULEGY JOGI, it crumbles to dust.
You feel aware of your surroundings.
You sensed 1 shop/portal.
It was a scroll of magic mapping.
As you read the scroll labelled TIUSUU KEOKHE, it crumbles to dust.
It is a scroll of identify.
d - a scroll of teleportation Sigmund barely misses you.
As you read the scroll of teleportation, it crumbles to dust.
You feel strangely unstable. Sigmund hits you with a +0 scythe!
* * * LOW HITPOINT WARNING * * *
Your surroundings suddenly seem different.
You start resting.
Sigmund is nearby!
Sigmund casts a spell at you. The puff of flame hits you!
You die...

,...........#,.....#,**,,,,,* *,
*#######.##.#,####.#,#*,,,,,*****
#.....#,****.#.#*,,,,,*,,,, #####
#>...##,,,,,,#.#*,,,,,*,,,, ....#
####'###**####.#*,,.,,*,,,, ###.#
#....# ##...)##..#*,***** * #.#
#....# #.......>.#*,* * *
#.#####....###.........#*,* *** *
#.....#....#..@.######.#*,***,* *
#####.##........### ****,,,,,,
#.####....#...#**** ***,,,*
#....@....###.#,,,* *,*,,
######........#,*,* *,*** #######
#....#####,*,* **+*** #.....#
##'##### *,*,****,<,** #.....#
#......# *,*,,,,,,,,** #.....#
##..รท...# *,*****,,,,,,


You could see Sigmund.

Vanquished Creatures
  An adder (D:2)
  A dart slug (D:1)
  2 ball pythons
  A bat (D:1)
  4 endoplasms
  2 giant cockroaches
  3 goblins
  3 hobgoblins
  6 jackals (D:1)
  A frilled lizard (D:1)
  A kobold (D:1)
  A rat (D:1)
26 creatures vanquished.

Notes
Turn   | Place    | Note
-------+----------+-------------------------------------------
     0 | Abyss:1  | MisterFreud the Hill Orc Abyssal Knight began the quest for
                  | the Orb.
     0 | Abyss:1  | Reached XP level 1. HP: 19/19 MP: 2/2
    47 | Abyss:1  | Noticed a starcursed mass
    48 | D:1      | Escaped the Abyss
   126 | D:1      | Found Jopp's General Store.
   150 | D:1      | Found a faded altar of an unknown god.
   202 | D:1      | Reached * piety under Lugonu
   205 | D:1      | Reached skill level 3 in Axes
   205 | D:1      | Reached XP level 2. HP: 20/27 MP: 3/3
   629 | D:1      | Reached skill level 4 in Axes
   953 | D:1      | Reached XP level 3. HP: 33/33 MP: 4/4
  1428 | D:2      | Noticed Sigmund
  1461 | D:2      | Killed from afar by Sigmund

Illustrated notes

Levels and vault maps discovered:
D:1:      heliophobic_arrival_ceremonial_halls, layout_loops_cross,
          serial_shops, nicolae_shop_behind_doors,
          ebering_ecumenical_altar_petrified
D:2:      layout_basic, serial_shops, shop, uniq_robin, uniq_sigmund

Skill      XL: |  1  2 |
---------------+-------+-----
Axes           | 3 4 |  4.7
Fighting       | |  3.7
Armour         | |  2.3
Dodging        | |  0.9
Invocations    | |  2.6

Action                   || total
-------------------------++-------
Melee: Hand axe          ||    87
       Punch             ||     1
Invok: Depart the Abyss  ||     1
  Use: Scroll            ||     3
       Potion            ||     1
Armor: Leather armour    ||    20
Dodge: Dodged            ||    56
